 Dungeon Crawl Stone Soup version 0.22.1-2-g9c5b331 (webtiles) character file.

1107 TheAlmogaver the Magician (level 8, -2/58 HPs)
             Began as a Gnoll Wizard on Dec 12, 2018.
             Slain by an ice beast (8 damage)
             ... on level 6 of the Dungeon.
             The game lasted 00:45:36 (6768 turns).

TheAlmogaver the Magician (Gnoll Wizard)            Turns: 6768, Time: 00:45:37

Health: -2/58      AC:  5    Str:  9    XL:     8   Next: 33%
Magic:  22/28      EV: 15    Int: 28    God:
Gold:   285        SH:  0    Dex: 14    Spells: 5/22 levels left

rFire    . . .     SeeInvis .   n - +0 mace (protect)
rCold    . . .     Gourm    .   (no shield)
rNeg     . . .     Faith    .   a - +0 robe
rPois    .         Spirit   .   g - +2 helmet
rElec    .         Reflect  .   (no cloak)
rCorr    .         Harm     .   (no gloves)
MR       .....                  (no boots)
Stlth    +++.......             (no amulet)
HPRegen  0.19/turn              r - ring of magical power
MPRegen  0.21/turn              p - +5 ring of intelligence

@: very slightly contaminated
A: distributed training, fangs 1, strong nose
a: no special abilities


You were on level 6 of the Dungeon.
You were not hungry.

You visited 1 branch of the dungeon, and saw 6 of its levels.

You collected 285 gold pieces.

Inventory:

Hand Weapons
 e - a +0 short sword
 j - a +1 quarterstaff
 k - a +0 dagger
 m - a +1 hunting sling of flaming
 n - a +0 mace of protection (weapon)
Armour
 a - a +0 robe (worn)
 b - a +0 hat
 g - a +2 helmet (worn)
Jewellery
 i - an uncursed ring of ice
 p - a +5 ring of intelligence (right hand)
 r - a ring of magical power (left hand)
Scrolls
 c - 4 scrolls of identify
 f - 2 scrolls of enchant armour
 h - 2 scrolls of amnesia
 o - a scroll of enchant weapon
 q - a scroll of magic mapping
 t - a scroll of blinking
 v - 3 scrolls of remove curse
Potions
 l - a potion of might
 s - a potion of curing
Comestibles
 d - 5 rations
 u - 7 chunks of flesh


   Skills:
 + Level 3.1 Fighting
 + Level 3.1 Short Blades
 + Level 3.1 Long Blades
 + Level 3.1 Axes
 + Level 3.1 Maces & Flails
 + Level 3.1 Polearms
 + Level 3.1 Staves
 + Level 3.1 Slings
 + Level 3.1 Bows
 + Level 3.1 Crossbows
 + Level 3.1 Throwing
 + Level 3.1 Armour
 + Level 5.6 Dodging
 + Level 5.2 Stealth
 + Level 3.1 Shields
 + Level 3.1 Unarmed Combat
 + Level 7.8 Spellcasting
 + Level 3.3 Conjurations
 + Level 2.5 Hexes
 + Level 2.5 Charms
 + Level 3.3 Summonings
 + Level 2.5 Necromancy
 + Level 3.3 Translocations
 + Level 2.5 Transmutations
 + Level 2.5 Fire Magic
 + Level 2.5 Ice Magic
 + Level 2.5 Air Magic
 + Level 2.5 Earth Magic
 + Level 2.5 Poison Magic
 + Level 3.4 Invocations
 + Level 3.1 Evocations


You had 5 spell levels left.
You knew the following spells:

 Your Spells              Type           Power        Failure   Level  Hunger
a - Magic Dart            Conj           ####         1%          1    None
b - Blink                 Tloc           N/A          1%          2    None
c - Call Imp              Summ           ####....     1%          2    None
d - Conjure Flame         Conj/Fire      ####....     4%          3    None
e - Mephitic Cloud        Conj/Pois/Air  ####....     4%          3    None
f - Dazzling Spray        Conj/Hex       ####..       4%          3    None
g - Tukima's Dance        Hex            ####....     5%          3    None

Your spell library contained the following spells:

 Spells                   Type           Power        Failure   Level  Hunger
 Corona                   Hex            ####...      1%          1    None
 Ensorcelled Hibernation  Hex/Ice        ####..       2%          2    None
 Slow                     Hex            ####....     2%          2    None
 Confuse                  Hex            ####....     5%          3    None


Dungeon Overview and Level Annotations

Branches:
Dungeon (6/15)
 Temple: D:4-7

Altars:
Ru
The Shining One


Innate Abilities, Weirdness & Mutations

Your experience applies equally to all skills.
You have very sharp teeth.
Your uncanny sense of smell can sniff out nearby items.


Message History

Anything else - Cancel.
Gang up on whom?
Press: ? - help, Dir - move target cursor, f/p - ice beast
Aim: an ice beast (lightly wounded) Attack!
Your crimson imp hits the ice beast but does no damage.
Your crimson imp hits the ice beast.
The ice beast hits you but does no damage.
Your crimson imp closely misses the ice beast. x2
Your crimson imp blinks!
Your crimson imp hits the ice beast.
Your crimson imp blinks!
Your crimson imp hits the ice beast but does no damage.
The ice beast hits you. The ice beast freezes you!
* * * LOW HITPOINT WARNING * * *
Your crimson imp hits the ice beast but does no damage.
The ice beast hits you.
* * * LOW HITPOINT WARNING * * *
The ice beast freezes you!
You die...

#..##
#...###
###...##
###..##
#)..# ##..#
∆ #..# #Y.#
#5@# #..#
.##
#..##...##
#.........
#.>.......
#.........
..........
#.....#####
..#..##


You could see an ice beast and a friendly crimson imp.

Vanquished Creatures
  A sky beast (D:5)
  An ice beast (D:5)
  A black bear (D:6)
  2 ogres
  A bullfrog (D:6)
  2 scorpions (D:4)
  A howler monkey (D:5)
  A bullfrog zombie (D:5)
  A hound (D:4)
  An orc priest (D:5)
  An iguana (D:5)
  3 worker ants
  A hound skeleton (D:5)
  A gnoll (D:4)
  4 adders
  An adder zombie (D:5)
  A worm (D:4)
  3 dart slugs
  5 leopard geckos
  7 orcs
  7 bats
  5 giant cockroaches
  3 goblins
  7 hobgoblins
  6 jackals
  6 kobolds
  A quokka (D:5)
  A frilled lizard (D:3)
  A leopard gecko skeleton (D:4)
  A quokka skeleton (D:6)
  8 rats
85 creatures vanquished.

Vanquished Creatures (collateral kills)
  An orc warrior (D:5)
  A sky beast (D:5)
  An ogre (D:6)
  A howler monkey (D:6)
  A crimson imp (D:3)
  An orc priest (D:5)
  2 orc wizards (D:5)
  3 gnolls (D:4)
  An adder (D:4)
  An ooze (D:3)
  3 worms (D:2)
  6 orcs
  3 giant cockroaches
  A goblin (D:2)
  A hobgoblin (D:2)
  4 jackals
  A quokka (D:4)
  A frilled lizard (D:3)
33 creatures vanquished.

Grand Total: 118 creatures vanquished

Notes
Turn   | Place    | Note
-------+----------+-------------------------------------------
     0 | D:1      | TheAlmogaver the Gnoll Wizard began the quest for the Orb.
     0 | D:1      | Reached XP level 1. HP: 13/13 MP: 8/8
   201 | D:1      | Reached XP level 2. HP: 19/19 MP: 7/10
  1039 | D:1      | Learned a level 2 spell: Blink
  1042 | D:1      | Learned a level 2 spell: Call Imp
  1073 | D:2      | Reached XP level 3. HP: 17/25 MP: 0/11
  1423 | D:2      | Reached skill level 1 in Invocations
  1886 | D:2      | Reached skill level 1 in Fighting
  1886 | D:2      | Reached skill level 1 in Short Blades
  1886 | D:2      | Reached skill level 1 in Long Blades
  1886 | D:2      | Reached skill level 1 in Axes
  1886 | D:2      | Reached skill level 1 in Maces & Flails
  1886 | D:2      | Reached skill level 1 in Polearms
  1886 | D:2      | Reached skill level 1 in Staves
  1886 | D:2      | Reached skill level 1 in Slings
  1886 | D:2      | Reached skill level 1 in Bows
  1886 | D:2      | Reached skill level 1 in Crossbows
  1886 | D:2      | Reached skill level 1 in Throwing
  1886 | D:2      | Reached skill level 1 in Armour
  1886 | D:2      | Reached skill level 1 in Shields
  1886 | D:2      | Reached skill level 1 in Unarmed Combat
  1886 | D:2      | Reached skill level 1 in Evocations
  2073 | D:2      | Reached XP level 4. HP: 32/32 MP: 11/13
  2875 | D:3      | Learned a level 3 spell: Conjure Flame
  2879 | D:3      | Learned a level 3 spell: Mephitic Cloud
  2984 | D:3      | Reached skill level 1 in Hexes
  2984 | D:3      | Reached skill level 1 in Charms
  2984 | D:3      | Reached skill level 1 in Necromancy
  2984 | D:3      | Reached skill level 1 in Transmutations
  2984 | D:3      | Reached skill level 1 in Fire Magic
  2984 | D:3      | Reached skill level 1 in Ice Magic
  2984 | D:3      | Reached skill level 1 in Air Magic
  2984 | D:3      | Reached skill level 1 in Earth Magic
  2984 | D:3      | Reached skill level 1 in Poison Magic
  3823 | D:4      | Reached XP level 5. HP: 32/37 MP: 13/14
  4425 | D:4      | Reached XP level 6. HP: 38/44 MP: 4/16
  4551 | D:4      | Learned a level 3 spell: Dazzling Spray
  4555 | D:4      | Learned a level 3 spell: Tukima's Dance
  5138 | D:5      | Entered Level 5 of the Dungeon
  5175 | D:5      | Reached skill level 5 in Dodging
  5585 | D:5      | Noticed an orc warrior
  5596 | D:5      | Killed an orc warrior
  5758 | D:5      | Noticed a sky beast
  5772 | D:5      | Reached XP level 7. HP: 50/50 MP: 18/18
  6049 | D:5      | Reached skill level 5 in Stealth
  6253 | D:5      | Found a glowing golden altar of the Shining One.
  6253 | D:5      | Found a sacrificial altar of Ru.
  6540 | D:6      | Reached XP level 8. HP: 57/57 MP: 19/19
  6768 | D:6      | Slain by an ice beast

Skill      XL: |  1  2  3  4  5  6  7  8 |
---------------+-------------------------+-----
Conjurations   | 2 3 |  3.3
Summonings     | 2 3 |  3.3
Translocations | 2 3 |  3.3
Invocations    | 1 2 3 |  3.4
Fighting       | 1 2 3 |  3.1
Short Blades   | 1 2 3 |  3.1
Long Blades    | 1 2 3 |  3.1
Axes           | 1 2 3 |  3.1
Maces & Flails | 1 2 3 |  3.1
Polearms       | 1 2 3 |  3.1
Staves         | 1 2 3 |  3.1
Slings         | 1 2 3 |  3.1
Bows           | 1 2 3 |  3.1
Crossbows      | 1 2 3 |  3.1
Throwing       | 1 2 3 |  3.1
Armour         | 1 2 3 |  3.1
Shields        | 1 2 3 |  3.1
Unarmed Combat | 1 2 3 |  3.1
Evocations     | 1 2 3 |  3.1
Hexes          | 1 2 |  2.5
Charms         | 1 2 |  2.5
Necromancy     | 1 2 |  2.5
Transmutations | 1 2 |  2.5
Fire Magic     | 1 2 |  2.5
Ice Magic      | 1 2 |  2.5
Air Magic      | 1 2 |  2.5
Earth Magic    | 1 2 |  2.5
Poison Magic   | 1 2 |  2.5
Dodging        | 5 |  5.6
Stealth        | 5 |  5.2
Spellcasting   | |  7.8

Action                   |  1- 3 |  4- 6 |  7- 9 || total
-------------------------+-------+-------+-------++-------
 Cast: Magic Dart        |    66 |   132 |    77 ||   275
       Call Imp          |    11 |    30 |    20 ||    61
       Conjure Flame     |       |     2 |       ||     2
       Dazzling Spray    |       |       |     1 ||     1
  Use: Scroll            |     9 |     5 |       ||    14
       Potion            |     3 |     4 |     3 ||    10
  Eat: Ration            |     1 |     3 |       ||     4
       Chunk             |       |     2 |     2 ||     4
Armor: Robe              |       |     6 |     5 ||    11
Dodge: Dodged            |     9 |    48 |    22 ||    79
